 Dungeon Crawl Stone Soup version 0.30.1-4-g462c640d31 (webtiles) character file.

Game seed: 15766768731602433852

837 rddays123 the Summoner (level 7, -1/30 HPs)
             Began as a Felid Summoner on Sept 15, 2023.
             Was an Initiate of Gozag.
             Slain by a +2 dagger of chaos (4 damage)
             ... on level 6 of the Dungeon on Sept 18, 2023.
             The game lasted 00:35:24 (5935 turns).

rddays123 the Summoner (Felid Summoner)             Turns: 5935, Time: 00:35:25

Health: -1/30      AC:  2    Str:  4    XL:     7   Next: 66%
Magic:  1/15       EV: 19    Int: 19    God:    Gozag
Gold:   275        SH:  0    Dex: 16    Spells: 3/16 levels left
                                        Lives:  0   Deaths: 2

rFire   . . .        (weapon unavailable)
rCold   . . .        (shield unavailable)
rNeg    . . .        (body armour unavailable)
rPois   .            (helmet unavailable)
rElec   .            (cloak unavailable)
rCorr   .            (gloves unavailable)
SInv    +            (boots unavailable)
Will    +....        (no amulet)
Stlth   +++          (no ring)
HPRegen 0.25/turn    (no ring)
MPRegen 0.14/turn

%: no passive effects
@: quick
A: very small, claws 1, fangs 3, see invisible, speed 1, shaggy fur 2, stealthy
paws, no weapons or thrown items, no armour, multi-lived
a: Renounce Religion, Potion Petition, Call Merchant, Bribe Branch


You were on level 6 of the Dungeon.
You worshipped Gozag.
Gozag was aware of your devotion.
You visited 1 branch of the dungeon, and saw 6 of its levels.

You collected 320 gold pieces.
You paid 45 gold pieces to Gozag.

Inventory:

Jewellery
 o - an amulet of guardian spirit
Wands
 t - a wand of flame (15)
Scrolls
 d - 4 scrolls of noise {unknown}
 f - a scroll of fog {unknown}
 i - 2 scrolls of magic mapping {unknown}
 l - a scroll of amnesia
 n - a scroll of poison {unknown}
 q - a scroll of vulnerability {unknown}
 s - a scroll of acquirement {unknown}
 v - a scroll of fear {unknown}
 w - a scroll of teleportation
Potions
 a - 2 potions of magic
 b - a potion of brilliance {unknown}
 e - a potion of haste
 g - a potion of berserk rage {unknown}
 h - 3 potions of heal wounds
 j - a potion of might {unknown}
 k - 4 potions of lignification
 m - a potion of degeneration {unknown}
 p - 2 potions of attraction
 r - a potion of cancellation {unknown}
 u - a potion of ambrosia {unknown}


   Skills:
 + Level 2.3 Fighting
 + Level 4.4 Dodging
 - Level 4.3 Stealth
 + Level 5.0 Spellcasting
 - Level 5.0 Hexes
 + Level 8.0 Summonings
 + Level 2.1 Air Magic


You had 3 spell levels left.
You knew the following spells:

 Your Spells              Type           Power      Damage    Failure   Level
a - Summon Small Mammal   Summ           100%       N/A       1%          1
b - Call Imp              Summ           70%        N/A       1%          2
c - Call Canine Familiar  Summ           35%        N/A       1%          3
d - Summon Guardian Gole  Hex/Summ       29%        N/A       2%          3
e - Summon Lightning Spi  Summ/Air       24%        N/A       16%         4

Your spell library contained the following spells:

 Spells                   Type           Power      Damage    Failure   Level
 Ensorcelled Hibernation  Hex/Ice        28%        N/A       7%          2
 Shock                    Conj/Air       32%        1d5       8%          1
 Inner Flame              Hex/Fire       14%        N/A       13%         3
 Cigotuvi's Dreadful Rot  Necr/Pois/Air  14%        N/A       14%         2
 Swiftness                Air            13%        N/A       16%         3
 Passwall                 Tmut/Erth      3%         N/A       19%         2
 Airstrike                Air            6%         2d(1-17)  45%         4
 Manifold Assault         Tloc           4%         N/A       77%         4
 Yara's Violent Unravell  Hex/Tmut       7%         3d5       77%         5
 Conjure Ball Lightning   Conj/Air       4%         3x3d6     100%        6
 Dispersal                Tloc           2%         N/A       100%        6
 Enfeeble                 Hex            11%        N/A       100%        7
 Disjunction              Tloc           2%         N/A       100%        8


Dungeon Overview and Level Annotations

Branches:
Dungeon (6/15)
 Temple: D:4-7

Altars:
Gozag
Makhleb
Nemelex Xobeh
Okawaru
Ru
Xom

Shops:
D:2 :   D:4 *

Annotations:
D:4 3 runed translucent doors, Xrynn's ghost, amateur MiFi
D:6 Xrynn's ghost, novice MiFi


Innate Abilities, Weirdness & Mutations

You have sharp claws.
You have razor-sharp teeth.
You have supernaturally acute eyesight. (SInv)
You cover ground quickly. (Speed+)
You are covered in thick fur. (AC +2)
Your paws help you pounce on unaware monsters.
You are incapable of wielding weapons or throwing items.
You cannot wear armour.
You gain extra lives every three experience levels.


Message History

Confirm with . or Enter, or press ? or * to list all spells.
Casting: Call Canine Familiar (safe; 1% risk of failure)
Confirm with . or Enter, or press ? or * to list all spells.
A tiny devil pulls itself out of the air.
You open the door.
Your cerulean imp hits the +2 dagger of chaos with a -1 spear.
The +2 dagger of chaos hits you.
The +2 dagger of chaos draws strength from your wounds!
Your hound completely misses the +2 dagger of chaos.
The +2 dagger of chaos attacks as you move away!
The +2 dagger of chaos hits you. The +2 dagger of chaos freezes you.
Your cerulean imp barely misses the +2 dagger of chaos.
Your quokka misses the +2 dagger of chaos.
The +2 dagger of chaos hits you. The +2 dagger of chaos freezes you.
Xrynn's ghost hits your hound!!
Your hound barely misses the +2 dagger of chaos.
The +2 dagger of chaos hits you.
* * * LOW HITPOINT WARNING * * *
You are lethally poisoned!
Your cerulean imp hits the +2 dagger of chaos with a -1 spear.
Your quokka barely misses the +2 dagger of chaos.
You feel better. The +2 dagger of chaos hits you.
* * * LOW HITPOINT WARNING * * *
The +2 dagger of chaos freezes you.
* * * LOW HITPOINT WARNING * * *
Your hound closely misses the +2 dagger of chaos.
Xrynn's ghost says, "I'll split you in two!"
Xrynn's ghost hits your hound!!
Your hound dies!
Your hound's corpse disappears in a puff of smoke!
Your quokka closely misses the +2 dagger of chaos.
The +2 dagger of chaos hits you.
* * * LOW HITPOINT WARNING * * *
You feel your power leaking away.
Your quokka completely misses the +2 dagger of chaos.
Your cerulean imp misses the +2 dagger of chaos.
The +2 dagger of chaos attacks as you move away!
The +2 dagger of chaos hits you.
You die...
Your body crumbles into a pile of gold.

......[.........#..#
.......###......#..#
.......# #......#..#
.......# ###.####..#
.##....# ###.##..#
.##....# #:_W#..###
.####### ###'##....#
## #..5(r....#
#..r9@....#
###.......#
#.8.....# #...>...#
#.......# #.......#
#.......# #########


You could see a +2 dagger of chaos (ally target), Xrynn's ghost, a friendly
guardian golem (summoned), a friendly lightning spire (summoned, sheltered), a
friendly cerulean imp (summoned, sheltered) and 2 friendly quokkas.

Vanquished Creatures (collateral kills)
  Grinder (D:5)
  A water moccasin (D:5)
  2 black bears
  A centaur (D:6)
  2 scorpions
  A bullfrog (D:6)
  2 orc priests (D:3)
  5 hounds
  3 jellies
  3 iguanas
  An orc wizard (D:4)
  A sleepcap (D:6)
  11 adders
  A shadow imp (D:6)
  2 white imps
  An ufetubus (D:5)
  2 worms
  17 orcs
  12 endoplasms
  4 giant cockroaches
  3 goblins
  4 hobgoblins
  11 jackals
  A quokka (D:4)
  4 ball pythons
  4 bats
  2 frilled lizards
  8 kobolds
  7 rats
117 creatures vanquished.

Vanquished Creatures (others)
  Edmund (D:5)
1 creature vanquished.

Grand Total: 118 creatures vanquished

Notes
Turn   | Place    | Note
-------+----------+-------------------------------------------
     0 | D:1      | rddays123 the Felid Summoner began the quest for the Orb.
     0 | D:1      | Reached XP level 1. HP: 7/7 MP: 4/4
   321 | D:1      | Reached XP level 2. HP: 4/11 MP: 1/6
   740 | D:1      | Learned a level 2 spell: Call Imp
  1188 | D:2      | Reached XP level 3. HP: 14/14 MP: 5/8
  1565 | D:2      | Found Taizan's Vocational Training.
  1667 | D:2      | Reached XP level 4. HP: 18/18 MP: 6/9
  1704 | D:2      | Found a faded altar of an unknown god.
  1868 | D:2      | Learned a level 3 spell: Call Canine Familiar
  1985 | D:3      | Reached skill level 5 in Summonings
  2052 | D:3      | Got the Book of Ouranomancy and Battle Magic
  2303 | D:4      | Noticed a black bear
  2637 | D:3      | Reached XP level 5. HP: 2/21 MP: 5/11
  2637 | D:3      | HP: 1/21 [poisoned by an adder]
  2638 | D:3      | Succumbed to an adder's poison
  2639 | D:3      | Reached XP level 4. HP: 0/18 MP: 6/10
  3305 | D:4      | Killed a black bear
  3306 | D:4      | Reached XP level 5. HP: 13/21 MP: 4/12
  3406 | D:4      | Found a runed translucent gate.
  3409 | D:4      | Found a runed translucent gate.
  3409 | D:4      | Noticed Xrynn's ghost (amateur MiFi)
  3410 | D:4      | Found a runed translucent gate.
  3612 | D:4      | Gained mutation: You are covered in thick fur. (AC +2)
                  | [Felid growth]
  3612 | D:4      | Reached XP level 6. HP: 24/24 MP: 13/13
  3630 | D:4      | Learned a level 3 spell: Summon Guardian Golem
  3676 | D:4      | Reached skill level 1 in Hexes
  3743 | D:4      | Found Zijeubb's Gadget Gallery.
  3761 | D:4      | Reached skill level 6 in Summonings
  3862 | D:4      | Found a burning altar of Makhleb.
  3920 | D:4      | Found an iron altar of Okawaru.
  4014 | D:5      | Entered Level 5 of the Dungeon
  4025 | D:5      | Noticed Grinder
  4027 | D:5      | Paralysed by Grinder for 2 turns
  4176 | D:5      | Noticed a water moccasin
  4203 | D:5      | Killed a water moccasin
  4281 | D:5      | Noticed Edmund
  4331 | D:5      | Killed Edmund
  4332 | D:5      | Reached XP level 7. HP: 27/27 MP: 5/14
  4411 | D:5      | Learned a level 4 spell: Summon Lightning Spire
  4539 | D:5      | Killed Grinder
  4540 | D:5      | Reached skill level 5 in Hexes
  4540 | D:5      | Reached skill level 7 in Summonings
  4783 | D:5      | Reached skill level 1 in Fighting
  4835 | D:5      | Reached skill level 1 in Air Magic
  4835 | D:5      | Reached XP level 8. HP: 32/32 MP: 7/15
  5137 | D:5      | Found a sacrificial altar of Ru.
  5199 | D:5      | Found an opulent altar of Gozag.
  5199 | D:5      | Found a sparkling altar of Nemelex Xobeh.
  5207 | D:5      | Became a worshipper of Gozag Ym Sagoz the Greedy
  5606 | D:6      | Shot with an arrow by a centaur
  5607 | D:6      | Reached XP level 7. HP: -2/29 MP: 5/15
  5814 | D:6      | Reached skill level 5 in Spellcasting
  5880 | D:6      | Reached skill level 8 in Summonings
  5910 | D:6      | Found a runed translucent door.
  5910 | D:6      | Found a shimmering altar of Xom.
  5910 | D:6      | Noticed Xrynn's ghost (novice MiFi)
  5911 | D:6      | Noticed a +2 dagger of chaos
  5935 | D:6      | Slain by a +2 dagger of chaos

Illustrated notes

Levels and vault maps discovered:
D:1:      lemuel_arrival_funnel, layout_basic
D:2:      layout_rooms, shapermc_ecumenical_altar_petra, nicolae_shop_vocational
D:3:      layout_basic
D:4:      layout_rooms, mainiacjoe_overflow_catch_the_wave,
          gammafunk_ghost_nasty_kobolds, nicolae_shop_gadgets
D:5:      layout_rooms, grunt_temple_overflow_opulence,
          nicolae_ru_the_path_less_chosen, uniq_edmund, uniq_grinder
D:6:      layout_basic, ebering_ghost_xom

Skill      XL: |  1  2  3  4  5  6  7  8 |
---------------+-------------------------+-----
Spellcasting   | 3 4 5 |  5.0
Summonings     | 5 6 8 |  8.0
Stealth        | 3 4 |  4.3
Hexes          | 4 5 |  5.0
Dodging        | 3 4 |  4.4
Fighting       | 2 |  2.3
Air Magic      | 2 |  2.1

Action                     |  1- 3 |  4- 6 |  7- 9 || total
---------------------------+-------+-------+-------++-------
  Melee: Unarmed           |     2 |     1 |       ||     3
   Cast: Summon Small Mamm |    54 |    10 |    11 ||    75
         Call Imp          |     9 |    17 |    11 ||    37
         Call Canine Famil |       |    23 |    21 ||    44
         Summon Guardian G |       |     1 |     5 ||     6
         Summon Lightning  |       |       |     2 ||     2
    Use: Potion            |       |     2 |     1 ||     3
         Scroll            |       |     5 |     2 ||     7
 Armour: Skin              |    20 |     4 |     5 ||    29
  Dodge: Dodged            |   136 |    39 |    24 ||   199
